 Dungeon Crawl Stone Soup version 0.31.0-11-ge490571c62 (webtiles) character file.

Game seed: 8495498922907638446

2613 Flugkiller the Frost Mage (level 9, 39/39 HPs)
             Began as a Vine Stalker Ice Elementalist on Feb 2, 2024.
             Quit the game on level 7 of the Dungeon.
             The game lasted 00:10:52 (2261 turns).

Flugkiller the Frost Mage (VSIE)                    Turns: 2261, Time: 00:10:52

Health: 39/39      AC:  4    Str: 11    XL:     9   Next: 60%
Magic:  16/21      EV: 14    Int: 19    God:
Gold:   236        SH:  0    Dex: 15    Spells: 12/22 levels left

rFire   . . .        d - +0 morningstar (venom)
rCold   . . .        (no shield)
rNeg    . . .        a - +0 robe
rPois   .            (no helmet)
rElec   .            (no cloak)
rCorr   +            (no gloves)
SInv    +            h - +1 pair of boots
Will    +....        i - amulet of regeneration
Stlth   ++++         g - ring of flight
HPRegen 1.86/turn    e - ring of resist corrosion
MPRegen 0.17/turn

%: guardian spirit
@: flying
A: fangs 3, regeneration 1, magic shield, antimagic bite, no potion heal 2, see
invisible
a: no special abilities


You were on level 7 of the Dungeon.
You visited 1 branch of the dungeon, and saw 8 of its levels.

You collected 236 gold pieces.

Inventory:

Hand Weapons
 b - a +1 heavy quarterstaff
   (You found it on level 5 of the Dungeon)
 c - a +0 whip of venom
   (You took it off a kobold on level 1 of the Dungeon)
 d - a +0 morningstar of venom (weapon)
   (You took it off an orc on level 7 of the Dungeon)
Missiles
 l - a throwing net
Armour
 a - a +0 robe (worn)
 h - a +1 pair of boots (worn)
   (You found it on level 6 of the Dungeon)
Jewellery
 e - a ring of resist corrosion (right hand)
   (You found it on level 7 of the Dungeon)
 g - a ring of flight (left hand)
   (You found it on level 4 of the Dungeon)
 i - an amulet of regeneration (around neck)
   (You found it on level 7 of the Dungeon)
Wands
 p - a wand of paralysis (6)
   (You found it on level 3 of the Dungeon)
 r - a wand of flame (21)
   (You took it off Joseph on level 7 of the Dungeon)
Scrolls
 j - a scroll of acquirement
 o - 3 scrolls of amnesia
 t - a scroll of teleportation
Potions
 f - a potion of degeneration
 k - 2 potions of invisibility
 m - 2 potions of enlightenment
 n - a potion of brilliance {unknown}
 q - a potion of curing
 w - a potion of heal wounds


   Skills:
 - Level 4.8 Dodging
 - Level 7.7 Stealth
 + Level 7.4 Spellcasting
 + Level 8.2 Ice Magic


You had 12 spell levels left.
You knew the following spells:

 Your Spells              Type           Power      Damage    Failure   Level
a - Freeze                Ice            100%       1d10      1%          1
b - Frozen Ramparts       Ice            76%        1d12      1%          3
c - Ozocubu's Armour      Ice            38%        N/A       1%          3
d - Summon Ice Beast      Ice/Summ       22%        N/A       5%          3

Your spell library contained the following spells:

 Spells                   Type           Power      Damage    Failure   Level


Dungeon Overview and Level Annotations

Branches:
Dungeon (8/15) Zot: 26992
 Temple: D:4-7         Lair: D:8-11

Altars:
Gozag
Makhleb

Shops:
D:4 (

Annotations:
D:3 Grinder


Innate Abilities, Weirdness & Mutations

You have razor-sharp teeth.
Your natural rate of healing is unusually fast.
When hurt, damage is shared between your health and your magic reserves.
Your bite disrupts and absorbs the magic of your enemies.
Potions cannot restore your health.
You have supernaturally acute eyesight. (SInv)


Message History

The adder barely misses you.
You thump the adder!
You kill the adder!
The orc wizard casts a spell.
The orc wizard flickers and vanishes for a moment.
An orc comes into view. It is wielding a +0 club.
The orc closely misses your ice beast.
Your ice beast closely misses the orc.
Something closely misses your ice beast.
The orc wizard hits your ice beast but does no damage.
Something hits your ice beast.
Something closely misses your ice beast.
Unknown command.
You swap places.
Casting: Summon Ice Beast (dangerous; 6% risk of failure)
Confirm with . or Enter, or press ? or * to list all spells.
The walls around you are covered in ice.
The wall freezes the orc!
You kill the orc!
The wall freezes the orc wizard.
You puncture the orc wizard! You bite the orc wizard.
You kill the orc wizard!
Your ice beast disappears in a puff of smoke!
The wall freezes the orc!
You kill the orc!
No target in view!
No target in view!
The frozen ramparts melt away as you move.
Items here: )) [[ ††.
Things that are here:
a +0 club; a boomerang; an orc corpse
Things that are here:
a +0 flail; an orc corpse
Found a stone staircase leading down.
There is a stone staircase leading down here.
You fly downwards.
There is a stone staircase leading up here.
Joseph, a Mercenary comes into view.
He is wielding a +0 quarterstaff and carrying a wand of flame.
Joseph shouts!
Joseph zaps a wand.
The puff of flame hits you!
Joseph unwields a +0 quarterstaff.
Joseph wields a +0 sling.
Joseph shoots a sling bullet.
The sling bullet hits you!
You see here a +0 dagger.
Things that are here:
a +0 giant spiked club; an ogre skeleton Joseph is nearby!
Casting: Frozen Ramparts (safe; 1% risk of failure)
Confirm with . or Enter, or press ? or * to list all spells.
A chill wind blows around you.
Joseph shouts!
Joseph shoots a sling bullet.
The sling bullet hits you.
Joseph shoots a sling bullet.
The sling bullet hits you!
Unknown command.
Joseph unwields a +0 sling.
Joseph wields a +0 quarterstaff.
Joseph hits you with a +0 quarterstaff!
You barely miss Joseph. Joseph hits you with a +0 quarterstaff!
Your ice beast hits Joseph.
Your ice beast freezes Joseph!
Joseph hits you with a +0 quarterstaff!
* * * LOW HITPOINT WARNING * * *
Unknown command.
Your ice beast hits Joseph.
Your ice beast freezes Joseph!
Joseph hits your ice beast with a +0 quarterstaff!
Unknown command.
Your ice beast hits Joseph.
Your ice beast freezes Joseph!
Joseph hits your ice beast with a +0 quarterstaff.
Okay, then.
Your ice beast hits Joseph but does no damage.
Joseph zaps a wand.
The puff of flame hits your ice beast!
Your ice beast melts!
Your ice beast closely misses Joseph.
Joseph zaps a wand.
The puff of flame hits your ice beast.
Your ice beast melts!
Your ice beast dies!
Your ice beast disappears in a puff of smoke!
Joseph shouts!
Aiming: Paralyse
Press: ? - help, Shift-Dir - straight line, f - Joseph
Aim: Joseph, wielding a +0 quarterstaff, wearing a +0 ring mail and carrying a wand of flame (heavily wounded, chance to affect: 31%) Joseph suddenly stops moving!
The helpless Joseph fails to defend himself.
You puncture Joseph!
Joseph looks as sick as possible!
Joseph is almost dead.
The helpless Joseph fails to defend himself.
You sock Joseph!
Joseph looks as sick as possible!
Joseph is almost dead.
The helpless Joseph fails to defend himself.
You hit Joseph.
Joseph looks as sick as possible!
You bite Joseph.
You kill Joseph!
Your Spellcasting skill increases to level 7!
Your Ice Magic skill increases to level 8!
r - a wand of flame (21)
Things that are here:
a +0 quarterstaff; a +0 sling; a +0 ring mail
There is a stone staircase leading down here.
You fly downwards.
There is a stone staircase leading up here.
Found a short sword.
There is a stone staircase leading up here.
You fly upwards.
There is a stone staircase leading down here.
Are you sure you want to abandon this character and quit the game? (Confirm with "yes".)

####........#.# #.## #.#.#
..<...........###### ...#.#.#
..............(....####.#.#.#
#####.##....................#
... #.##...........#....#.#.#
..# #.##.........[.'....#.#.#
.<#.#.##...........######.###
#.#.#.##..................#..
#...............@....######.#
..#.#.###)###.#......# #.#
#.#.#.# #.# #.#......# #.#
..# ..# #.# #.#......######.#
..##### #.# #.#.............#
#.#######.###.#......########
..........#........(##
#.....#####.........#
#.###...# #.........#


There were no monsters in sight!

Vanquished Creatures
  Joseph (D:7)
  A water moccasin (D:7)
  5 black bears
  A sky beast (D:7)
  4 ogres
  A phantom (D:6)
  A kobold brigand (D:7)
  A scorpion (D:5)
  A bullfrog (D:7)
  A bombardier beetle (D:4)
  A quasit (D:5)
  2 hounds
  An orc priest (D:5)
  3 iguanas
  4 orc wizards
  2 adders
  2 shadow imps
  6 white imps
  17 orcs
  3 endoplasms (D:4)
  3 giant cockroaches
  3 goblins
  4 jackals (D:4)
  3 quokkas (D:4)
  5 ball pythons
  4 kobolds
  2 rats
82 creatures vanquished.

Vanquished Creatures (collateral kills)
  A black bear (D:6)
  2 ogres
  A bullfrog (D:7)
  2 scorpions (D:5)
  A hound (D:7)
  2 orc priests (D:5)
  An adder (D:5)
  2 white imps (D:5)
  2 ufetubi (D:5)
  A ribbon worm (D:4)
  3 orcs
  A hobgoblin (D:4)
19 creatures vanquished.

Vanquished Creatures (others)
  A phantom (D:6)
1 creature vanquished.

Grand Total: 102 creatures vanquished

Notes
Turn   | Place    | Note
-------+----------+-------------------------------------------
     0 | D:1      | Flugkiller the Vine Stalker Ice Elementalist began the
                  | quest for the Orb.
     0 | D:1      | Reached XP level 1. HP: 9/9 MP: 4/4
   110 | D:3      | Reached XP level 2. HP: 13/13 MP: 0/6
   175 | D:4      | Found Messugina's Antique Weapon Emporium.
   247 | D:4      | Noticed a black bear
   248 | D:4      | Noticed a black bear
   264 | D:4      | Gained mutation: You have supernaturally acute eyesight.
                  | (SInv) [potion of mutation]
   278 | D:4      | Killed a black bear
   279 | D:4      | Reached XP level 3. HP: 16/16 MP: 2/8
   279 | D:4      | Reached XP level 4. HP: 21/21 MP: 2/9
   279 | D:4      | Reached XP level 5. HP: 24/24 MP: 2/10
   283 | D:4      | Learned a level 3 spell: Frozen Ramparts
   315 | D:4      | Learned a level 3 spell: Ozocubu's Armour
   319 | D:4      | Learned a level 3 spell: Summon Ice Beast
   335 | D:4      | Killed a black bear
   410 | D:5      | Entered Level 5 of the Dungeon
   470 | D:5      | Noticed an ogre
   484 | D:5      | Killed an ogre
   485 | D:5      | Reached skill level 5 in Ice Magic
   485 | D:5      | Reached XP level 6. HP: 28/28 MP: 2/12
   520 | D:5      | Reached skill level 5 in Stealth
   544 | D:5      | Identified a scroll of acquirement
   584 | D:5      | Reached XP level 7. HP: 19/32 MP: 3/14
   738 | D:4      | Found a burning altar of Makhleb.
   974 | D:6      | Gained mutation: You have razor-sharp teeth. [Vine Stalker
                  | growth]
   974 | D:6      | Reached XP level 8. HP: 36/36 MP: 5/16
  1067 | D:6      | Reached skill level 5 in Spellcasting
  1067 | D:6      | Reached skill level 6 in Ice Magic
  1261 | D:7      | Reached XP level 9. HP: 35/39 MP: 15/19
  1311 | D:7      | Reached skill level 7 in Ice Magic
  1532 | D:4      | You are sucked into a shaft and drop 2 floors!
  1741 | D:3      | Found an opulent altar of Gozag.
  1742 | D:3      | Noticed Grinder
  2133 | D:7      | Noticed Joseph
  2193 | D:7      | Killed Joseph
  2194 | D:7      | Reached skill level 8 in Ice Magic
  2261 | D:7      | Quit the game

Illustrated notes

Levels and vault maps discovered:
D:1:      dpeg_arrival_signposts, layout_rooms
D:2:      layout_basic, basic_ecumenical_altar, minmay_statues_item,
          minmay_three_crescents
D:3:      layout_loops_corners, gammafunk_temple_overflow_wave,
          amcnicky_altar_gilded, serial_shops, shop, uniq_terence, uniq_natasha,
          uniq_grinder
D:4:      minmay_general_purpose_star, layout_basic,
          mainiacjoe_overflow_alcove_4, minmay_shop_grid_forest,
          minmay_crystal_water, minmay_fractal_squares_gapless_5
D:5:      layout_cave_pools, serial_demonic, serial_demonic_b, serial_demonic_f,
          serial_demonic_a, serial_demonic_e, nicolae_tricolors
D:6:      layout_basic, lemuel_temple_firewalk_a, serial_shops, shop
D:7:      layout_basic, uniq_joseph
D:8:      cheibrodos_steamvent, layout_basic, worldfamousw_hep_ancestral_shrine,
          kennysheep_generic_room_5

Skill      XL: |  1  2  3  4  5  6  7  8  9 |
---------------+----------------------------+-----
Stealth        | 3 4 5 6 7 |  7.7
Dodging        | 2 3 4 |  4.8
Spellcasting   | 3 4 6 7 |  7.4
Ice Magic      | 5 6 8 |  8.2

Action                     |  1- 3 |  4- 6 |  7- 9 || total
---------------------------+-------+-------+-------++-------
  Melee: Whip              |    11 |    21 |   115 ||   147
         Bite              |     3 |     7 |    49 ||    59
         Punch             |       |     1 |     3 ||     4
         Morningstar       |       |       |    48 ||    48
   Cast: Freeze            |    17 |    11 |     4 ||    32
         Frozen Ramparts   |       |     5 |    18 ||    23
         Ozocubu's Armour  |       |     2 |     5 ||     7
         Summon Ice Beast  |       |     2 |    17 ||    19
  Evoke: Wand              |     3 |       |     3 ||     6
    Use: Potion            |     2 |     1 |     4 ||     7
         Scroll            |       |     3 |     7 ||    10
   Stab: Paralysed         |     3 |       |     6 ||     9
         Sleeping          |       |       |     2 ||     2
         Distracted        |       |       |     1 ||     1
 Armour: Robe              |    12 |    24 |   161 ||   197
  Dodge: Dodged            |    16 |    22 |   185 ||   223
